Map: New Repugnancy LE

Players

Smeeeger

  • Race: Zerg Zerg
  • League: Platinum
  • Spawn Location: 1:00

extremecow - Winner!

  • Race: Zerg Zerg
  • League: Diamond
  • Spawn Location: 7:00

VOD

Have the link to the VOD?

Description

Time

  • Played on: July 24, 2019, 9:15 a.m.
  • Length: 8:25
Show
View Real Time Build Order
Export as new Build Order

Smeeeger Zerg 

Build Orders: Hatch First 

Get SALT Encoding   

  12  0:02  Drone  
  13  0:17  Overlord  
  13  0:19  Drone  
  16  0:35  Drone x2  
  16  0:44  Drone  
  18  0:50  Drone  
  18  1:03  Hatchery, Drone  
  18  1:04  Extractor  
  17  1:16  Spawning Pool  
  16  1:20  Drone  
  16  1:23  Drone  
  18  1:33  Drone  
  19  1:44  Overlord  
  19  2:04  Queen  
  19  2:07  Zergling x2  
  19  2:08  Drone  
  23  2:19  Metabolic Boost  
  23  2:20  Queen  
  23  2:22  Zergling x2  
  26  2:29  Drone x2  
  28  2:33  Drone  
  29  2:47  Drone  
  29  2:48  Drone x3  
  33  2:56  Queen  
  35  3:00  Overlord x2  
  35  3:14  Drone  
  37  3:34  Drone  
  37  3:35  Zergling x6  
  37  3:39  Drone x2  
  42  3:47  Zergling x4  
  44  3:52  Hatchery  
  44  3:53  Drone  
  41  4:28  Drone x3  
  44  4:35  Drone x2  
  44  4:37  Overlord x2, Extractor  
  44  4:38  Extractor  
  40  4:51  Roach Warren  
  40  4:52  Drone x4  
  43  4:53  Drone x2, Evolution Chamber  
  43  4:57  Lair  
  44  5:06  Zergling x16  
  52  5:18  Spine Crawler  
  51  5:21  Zergling x8  
  51  5:22  Queen  
  51  5:23  Queen  
  53  5:37  Zergling x4  
  53  5:38  Roach x8  
  66  5:52  Roach  
  66  5:53  Roach x2  
  72  5:59  Drone x2  
  72  6:00  Overlord  
  73  6:08  Overlord x2  
  73  6:09  Glial Reconstitution  
  73  6:13  Queen  
  71  6:30  Drone x11  
  82  6:34  Overlord  
  82  6:53  Roach x5  
  82  6:54  Roach x7  
  104  7:00  Roach  
  98  7:04  Roach  
  98  7:07  Zergling x2  
  89  7:12  Extractor  
  89  7:14  Hatchery x2, Roach x2  
  89  7:15  Roach  
  92  7:26  Drone x4  
  92  7:27  Drone x2  
  92  7:29  Overlord x3, Extractor  
  97  7:30  Extractor  
  97  7:34  Roach x4  
  98  7:37  Roach  
  91  7:49  Roach x3  
  91  7:55  Roach  
  87  7:58  Roach  
  87  8:02  Roach  
  87  8:05  Roach  
Show
View Real Time Build Order
Export as new Build Order

extremecow Zerg - Winner!

Build Orders: Hatch First 

Get SALT Encoding   

  12  0:00  Drone  
  13  0:12  Overlord  
  13  0:19  Drone  
  14  0:30  Drone x2  
  14  0:34  Drone  
  17  0:52  Hatchery  
  17  0:56  Drone  
  17  0:59  Drone  
  18  1:13  Spawning Pool  
  18  1:15  Extractor  
  18  1:17  Drone  
  17  1:21  Drone  
  18  1:29  Drone  
  19  1:44  Overlord  
  19  1:49  Drone  
  20  2:01  Queen  
  20  2:02  Zergling x2  
  20  2:04  Queen  
  20  2:06  Zergling x2  
  26  2:23  Hatchery  
  26  2:26  Drone  
  26  2:29  Drone  
  27  2:35  Metabolic Boost  
  27  2:40  Drone  
  28  2:45  Drone  
  28  2:46  Drone  
  28  2:50  Zergling x2  
  31  2:58  Drone, Baneling Nest  
  30  3:03  Drone  
  32  3:08  Drone x2  
  32  3:11  Drone  
  35  3:16  Drone  
  36  3:23  Overlord x2  
  36  3:34  Queen  
  36  3:37  Drone x3  
  41  3:41  Overlord  
  41  3:45  Drone x2  
  43  3:50  Drone x2  
  43  3:51  Drone  
  43  3:54  Baneling  
  43  3:55  Baneling x2  
  46  3:56  Drone  
  46  3:59  Drone  
  46  4:01  Drone  
  48  4:10  Drone  
  48  4:19  Drone, Zergling x6  
  48  4:20  Drone x5  
  48  4:22  Baneling  
  48  4:23  Baneling  
  56  4:26  Extractor  
  56  4:27  Lair  
  56  4:28  Extractor  
  54  4:32  Zergling x6  
  54  4:36  Zergling x4  
  57  4:41  Overlord x2  
  56  4:49  Roach Warren  
  56  4:50  Extractor  
  54  4:59  Drone x7  
  61  5:05  Baneling x2  
  62  5:07  Drone x3  
  62  5:13  Drone x2  
  66  5:23  Drone  
  66  5:24  Drone x5  
  72  5:28  Drone x3  
  73  5:36  Drone  
  73  5:38  Drone  
  70  5:44  Zergling x8  
  70  5:47  Glial Reconstitution  
  74  5:53  Roach x3  
  74  5:54  Overlord x4  
  80  6:04  Evolution Chamber  
  78  6:07  Evolution Chamber  
  78  6:09  Roach, Zergling x2  
  78  6:10  Roach  
  82  6:12  Drone x3  
  82  6:17  Roach  
  82  6:18  Roach x3  
  94  6:25  Roach  
  94  6:26  Roach x2  
  94  6:28  Roach  
  94  6:29  Roach  
  94  6:31  Roach x2  
  106  6:39  Hatchery  
  105  6:46  Roach x3  
  105  6:51  Roach  
  106  6:54  Roach  
  106  6:55  Overlord  
  106  6:56  Overlord  
  106  6:58  Overlord  
  106  7:01  Roach x2  
  103  7:03  Roach  
  105  7:11  Extractor x2  
  103  7:18  Overseer  
  103  7:19  Roach  
  103  7:20  Roach x6  
  117  7:23  Zergling x4  
  119  7:35  Roach x3  
  119  7:43  Roach x3  
  117  7:49  Roach x6  
  117  7:51  Zergling x4  
  131  7:57  Roach  
  131  7:59  Roach x2  
Tags
 
Add a new tag
Caveats
  • Supply blocks, unpowered buildings, or Contaminate may cause inaccurate times.
  • Supply counts are checked every 10 seconds.